 Dungeon Crawl Stone Soup version 0.31-a0-845-g9abc20d24f (webtiles) character file.

Game seed: 14550785302405110655

118 javelincjr the Changeling (level 5, -3/34 HPs)
             Began as an Octopode Shapeshifter on Oct 2, 2023.
             Killed from afar by an orc wizard (9 damage)
             ... with a magic dart
             ... on level 3 of the Dungeon.
             The game lasted 00:08:47 (1828 turns).

javelincjr the Changeling (Octopode Shapeshifter)   Turns: 1828, Time: 00:08:47

Health: -3/34      AC:  1    Str: 13    XL:     5   Next: 2%
Magic:  5/5        EV: 13    Int: 12    God:
Gold:   172        SH:  0    Dex: 14    Spells: 4/4 levels left

rFire   . . .        b - +4 dagger
rCold   . . .        (no shield)
rNeg    . . .        (helmet currently unavailable)
rPois   .            (no amulet)
rElec   .            (no ring)
rCorr   .            (no ring)
SInv    .            (no ring)
Will    .....        (no ring)
Stlth   ++           (no ring)
HPRegen 0.25/turn    (no ring)
MPRegen 0.09/turn    (no ring)
                     (no ring)

%: no passive effects
@: beast-form
A: beast (slay +2), almost no armour, amphibious, 8 rings, camouflage 1,
gelatinous body 1, (nimble swimmer 1), tentacles
a: Begin Untransformation


You were on level 3 of the Dungeon.
You were a hulking beast.
You visited 1 branch of the dungeon, and saw 3 of its levels.

You collected 172 gold pieces.

Inventory:

Hand Weapons
 a - a +0 sling
 b - a +4 dagger (weapon)
Missiles
 p - 2 poisoned darts
Talismans
 c - a flux talisman
 h - a beast talisman (active)
Scrolls
 d - a scroll of revelation {unknown}
 f - a scroll of immolation {unknown}
 j - 2 scrolls of identify {unknown}
 l - a scroll of amnesia {unknown}
 n - a scroll of poison {unknown}
 o - 2 scrolls of noise {unknown}
Potions
 e - a potion of lignification
 g - a potion of curing {unknown}
 i - a potion of heal wounds {unknown}
 k - a potion of invisibility {unknown}
 m - a potion of brilliance {unknown}


   Skills:
 + Level 2.1 Fighting
 + Level 2.8 Dodging
 + Level 3.6 Unarmed Combat
 * Level 4.0 Shapeshifting


You had 4 spell levels left.
You didn't know any spells.
Your spell library contained the following spells:

 Spells                   Type           Power      Damage    Failure   Level
 Sublimation of Blood     Necr           0%         N/A       45%         2
 Wereblood                Tmut           0%         N/A       45%         2
 Tukima's Dance           Hex            0%         N/A       69%         3
 Passage of Golubria      Tloc           0%         N/A       97%         4
 Yara's Violent Unravell  Hex/Tmut       0%         3d3       100%        5
 Summon Hydra             Summ           0%         N/A       100%        7


Dungeon Overview and Level Annotations

Branches:
Dungeon (3/15)

Altars:

Shops:
D:1 [


Innate Abilities, Weirdness & Mutations

You are a hulking beast.
Your limbs bulge with bestial killing power. (Slay +2)
You cannot wear most types of armour.
You are amphibious.
You can wear up to eight rings at the same time.
Your skin changes colour to match your surroundings (Stealth+).
Your rubbery body absorbs attacks. (AC +1, EV +1)
((You are camouflaged when in or above water. (Stealth+)))
You have tentacles for arms and can constrict up to eight enemies at once.


Message History

The orc is lightly wounded.
An orc wizard comes into view. It is wielding a +0 dagger.
Something hits you. Something barely misses you.
You see here 11 gold pieces.
You shoot a sling bullet. The sling bullet hits the orc wizard.
The orc wizard is moderately wounded.
The orc wizard mumbles some strange words.
The orc wizard flickers and vanishes!
Something hits you. x2
You are too injured to fight recklessly!
Fire: a) +0 sling
Press: ? - help, Q - select action, (/) - cycle Shift-Dir - straight line, f - orc
Aim: an orc, wielding a +0 club and wearing a +0 ring mail (61% to hit)
You shoot a sling bullet.
The sling bullet closely misses the orc.
The sling bullet hits the orc.
The orc is heavily wounded.
Something completely misses you.
b - a +4 dagger (weapon)
Something barely misses you.
You hit something. Something barely misses you.
You completely miss something. Your squeeze misses something.
A magic dart appears from out of thin air!
The magic dart hits something.
Something hits you.
* * * LOW HITPOINT WARNING * * *
You closely miss something. You squeeze something.
Reactivating autopickup.
You feel a bit more experienced.
Your Shapeshifting skill increases to level 4!
You have reached level 5!
You feel agile.
Deactivating autopickup; reactivate with Ctrl-A.
You hit something. Something hits you but does no damage.
You hit something. Something hits you.
* * * LOW HITPOINT WARNING * * *
You barely miss something.
Your tentacle-slap misses something.
You hear some strange, mumbled words.
A magic dart appears from out of thin air!
The magic dart hits you!
You die...

...#####..######
##.. #..........
###.#..#####.##
#....# ###
#####.# #..
#.<<..# #.#
#.##### #.# #.#
#.# #.# #h# #.#
#{# #.# #.# #o#
# #.# #.# #o#
.## #.# #.#
##.##...# #.#
#.# #....)# #.#
#..##oo.# ###.#
#..# ..#
#...###..### ..#


You could see 2 orcs.

Vanquished Creatures
  An orc wizard (D:3)
  4 adders
  2 worms
  A dart slug (D:1)
  An orc (D:3)
  2 ball pythons
  7 endoplasms
  2 goblins
  5 hobgoblins
  11 jackals (D:2)
  2 kobolds
  A quokka (D:2)
  4 bats
  4 frilled lizards
  7 rats
54 creatures vanquished.

Notes
Turn   | Place    | Note
-------+----------+-------------------------------------------
     0 | D:1      | javelincjr the Octopode Shapeshifter began the quest for
                  | the Orb.
     0 | D:1      | Reached XP level 1. HP: 13/13 MP: 1/1
   148 | D:1      | Reached XP level 2. HP: 18/18 MP: 2/2
   298 | D:1      | Found Sibaemor's Armour Boutique.
   696 | D:1      | Reached XP level 3. HP: 14/23 MP: 3/3
   906 | D:2      | Identified the +0 robe "Ceirog" {*Slow rElec Str+3}
   916 | D:2      | Reached XP level 4. HP: 29/29 MP: 4/4
  1442 | D:2      | Found a faded altar of an unknown god.
  1442 | D:2      | Noticed a shadow demon
  1609 | D:3      | Noticed an ice beast
  1826 | D:3      | Reached skill level 4 in Shapeshifting
  1826 | D:3      | Reached XP level 5. HP: 10/34 MP: 5/5
  1828 | D:3      | Killed from afar by an orc wizard

Illustrated notes

Levels and vault maps discovered:
D:1:      lightli_arrival_windingriver, layout_basic, serial_shops,
          nicolae_shop_just_a_little_nook
D:2:      layout_basic, dreamdust_ecumenical_altar_sealed_demon,
          minmay_lizard_pond
D:3:      layout_loops_ring, minmay_box_of_dots

Skill      XL: |  1  2  3  4 |
---------------+-------------+-----
Fighting       | 2 |  2.1
Shapeshifting  | 4 |  4.0
Dodging        | |  2.8
Unarmed Combat | |  3.6

Action                     |  1- 3 |  4- 6 || total
---------------------------+-------+-------++-------
  Melee: Unarmed           |     5 |       ||     5
         Constrict         |     6 |     7 ||    13
         Tentacles         |     5 |     8 ||    13
         Punch             |     1 |       ||     1
         Dagger            |    19 |    38 ||    57
   Fire: Sling             |    38 |    47 ||    85
   Stab: Sleeping          |     3 |     2 ||     5
 Armour: Skin              |    19 |    34 ||    53
  Dodge: Dodged            |    15 |    41 ||    56

Table legend: (Time is in decaauts)
 A = Elapsed time spent in this place.
 B = Non-inter-level travel time spent in this place.
 C = Inter-level travel time spent in this place.
 D = Time resting spent in this place.
 E = Time spent auto-exploring this place.
 F = Levels seen in this place.
 G = Mean time per level.
                   A        B        C        D        E       F      G
               +--------+--------+--------+--------+--------+-----+--------+
         Total |   1852 |   1772 |     80 |    106 |   1285 |   3 |  617.3 |
       Dungeon |   1852 |   1772 |     80 |    106 |   1285 |   3 |  617.3 |
               +--------+--------+--------+--------+--------+-----+--------+

Top non-repeatable levels by time:
     D:2: 890 daAuts
     D:1: 723 daAuts
     D:3: 237 daAuts
